Map: Lightshade LE

Players

Has

  • Race: Protoss Protoss

黑羽快斗 (ButAlways) - Winner!

  • Race: Protoss Protoss
  • League: Master

Event: DreamHack SC2 Masters 2021 Summer

VOD

Have the link to the VOD?

Description

Time

  • Played on: May 21, 2021, 8:33 a.m.
  • Length: 7:44

All games in this series

Show
View Real Time Build Order
Export as new Build Order

Has Protoss 

Build Orders: 1 Gate Expand 

Get SALT Encoding   

  12  0:00  Probe  
  13  0:12  Probe  
  14  0:17  Pylon  
  14  0:24  Probe (Chrono Boost)  
  15  0:28  Assimilator  
  16  0:36  Probe (Chrono Boost)  
  16  0:43  Gateway  
  16  0:44  Probe (Chrono Boost)  
  17  0:53  Probe  
  18  1:05  Probe  
  19  1:19  Nexus  
  19  1:22  Probe  
  20  1:32  Cybernetics Core  
  20  1:35  Probe  
  21  1:42  Assimilator  
  21  1:48  Pylon  
  21  1:50  Probe  
  22  2:02  Probe  
  23  2:11  Stargate  
  23  2:22  Forge  
  23  2:25  Stalker  
  26  2:33  Shield Battery  
  26  2:36  Probe  
  26  2:41  Warp Gate  
  26  2:43  Probe  
  27  2:49  Probe  
  27  2:50  Void Ray (Chrono Boost)  
  28  2:55  Probe  
  32  3:06  Stalker  
  32  3:10  Probe  
  35  3:13  Probe  
  36  3:21  Shield Battery  
  36  3:22  Probe (Chrono Boost)  
  36  3:25  Probe (Chrono Boost)  
  38  3:34  Probe (Chrono Boost)  
  38  3:37  Probe (Chrono Boost), Twilight Council  
  39  3:42  Probe (Chrono Boost)  
  39  3:43  Probe (Chrono Boost)  
  40  3:48  Probe  
  40  3:51  Probe (Chrono Boost)  
  41  3:56  Sentry  
  41  3:58  Pylon  
  41  4:00  Probe (Chrono Boost), Pylon  
  44  4:03  Probe (Chrono Boost)  
  44  4:06  Pylon  
  44  4:09  Blink (Chrono Boost)  
  46  4:11  Probe (Chrono Boost)  
  46  4:15  Probe (Chrono Boost)  
  46  4:16  Probe (Chrono Boost)  
  47  4:25  Probe  
  47  4:27  Probe  
  49  4:34  Pylon  
  49  4:37  Probe, Gateway  
  50  4:39  Probe  
  50  4:43  Gateway  
  50  4:45  Gateway  
  51  4:50  Stalker  
  51  4:51  Probe  
  53  4:53  Probe  
  53  4:59  Gateway  
  52  5:04  Probe  
  52  5:06  Probe  
  54  5:16  Gateway  
  54  5:19  Stalker  
  57  5:22  Probe  
  57  5:28  Nexus  
  57  5:30  Probe  
  58  5:35  Stalker  
  58  5:38  Assimilator, Stalker  
  62  5:43  Stalker  
  62  5:46  Stalker  
  66  5:51  Gateway  
  66  6:01  Stalker x2  
  66  6:02  Stalker  
  72  6:13  Stalker x2  
  72  6:17  Oracle (Chrono Boost)  
  76  6:25  Probe x2  
  75  6:26  Pylon  
  75  6:27  Pylon  
  70  6:36  Pylon  
  70  6:37  Probe  
  63  6:51  Oracle (Chrono Boost)  
  64  6:58  Probe  
  64  7:00  Probe  
Show
View Real Time Build Order
Export as new Build Order

黑羽快斗 Protoss - Winner!

Build Orders: Phoenix Opening 

Get SALT Encoding   

  12  0:00  Probe  
  13  0:12  Probe  
  14  0:17  Pylon  
  14  0:24  Probe (Chrono Boost)  
  15  0:36  Probe (Chrono Boost)  
  15  0:40  Gateway  
  16  0:45  Probe (Chrono Boost)  
  16  0:48  Assimilator  
  17  0:51  Probe  
  17  0:55  Assimilator  
  18  1:03  Probe (Chrono Boost)  
  19  1:10  Gateway  
  20  1:12  Probe (Chrono Boost)  
  20  1:17  Probe (Chrono Boost)  
  21  1:27  Cybernetics Core  
  21  1:29  Probe  
  22  1:36  Pylon  
  22  1:41  Probe  
  23  2:03  Stargate  
  23  2:04  Stalker  
  23  2:08  Stalker  
  27  2:15  Warp Gate  
  27  2:19  Pylon  
  27  2:20  Probe  
  31  2:56  Phoenix (Chrono Boost)  
  30  3:00  Nexus  
  30  3:05  Probe  
  31  3:07  Shield Battery  
  31  3:14  Phoenix (Chrono Boost)  
  31  3:18  Probe  
  34  3:29  Pylon  
  34  3:30  Phoenix (Chrono Boost)  
  34  3:32  Probe  
  37  3:42  Pylon  
  37  3:50  Probe  
  38  4:01  Twilight Council  
  39  4:02  Probe  
  39  4:04  Phoenix  
  41  4:13  Probe  
  41  4:14  Probe  
  43  4:25  Probe  
  43  4:27  Probe  
  43  4:29  Robotics Facility  
  45  4:38  Probe  
  46  4:41  Probe  
  46  4:43  Dark Shrine  
  47  4:48  Gateway  
  47  4:55  Probe  
  47  4:56  Probe, Pylon  
  49  5:07  Probe, Assimilator x2  
  49  5:08  Probe  
  51  5:15  Immortal (Chrono Boost)  
  51  5:19  Probe  
  51  5:20  Probe  
  57  5:29  Shield Battery  
  57  5:31  Probe, Shield Battery  
  58  5:46  Immortal (Chrono Boost)  
  62  5:51  Pylon  
  62  5:55  Dark Templar x2  
  66  5:59  Dark Templar  
  68  6:06  Gateway  
  68  6:14  Immortal (Chrono Boost)  
  70  6:28  Stalker x2  
  74  6:36  Dark Templar  
  76  6:45  Warp Prism  
  78  6:53  Dark Templar  
  78  7:01  Gateway  
  76  7:05  Shield Battery  
  76  7:09  Stalker x3  
Tags
 
Add a new tag
Caveats
  • Supply blocks, unpowered buildings, or Contaminate may cause inaccurate times.
  • Supply counts are checked every 10 seconds.